 Dungeon Crawl Stone Soup version 0.31-a0-845-g9abc20d24f (webtiles) character file.

Game seed: 13547295969575251207

2 croobank the Covert (level 1, 0/23 HPs)
             Began as a Gnoll Delver on Oct 2, 2023.
             Slain by a jackal (3 damage)
             ... on level 5 of the Dungeon.
             The game lasted 00:01:06 (87 turns).

croobank the Covert (Gnoll Delver)                    Turns: 87, Time: 00:01:07

Health: 0/23       AC:  3    Str: 11    XL:     1   Next: 40%
Magic:  1/1        EV: 13    Int:  9    God:
Gold:   0          SH:  0    Dex: 13    Spells: 0/0 levels left

rFire   . . .        a - +0 short sword
rCold   . . .        (no shield)
rNeg    . . .        b - +0 leather armour
rPois   .            (no helmet)
rElec   .            (no cloak)
rCorr   .            (no gloves)
SInv    .            (no boots)
Will    .....        (no amulet)
Stlth   ++           (no ring)
HPRegen 0.23/turn    (no ring)
MPRegen 0.07/turn

%: no passive effects
@: very slow
A: fangs 1, strong nose, distributed training
a: no special abilities


You were on level 5 of the Dungeon.
You visited 1 branch of the dungeon, and saw 1 of its levels.

Inventory:

Hand Weapons
 a - a +0 short sword (weapon)
Armour
 b - a +0 leather armour (worn)
Wands
 g - a wand of digging (3)


   Skills:
 + Level 6.4 Fighting
 + Level 4.4 Short Blades
 + Level 0.0 Long Blades
 + Level 0.0 Axes
 + Level 0.0 Maces & Flails
 + Level 0.0 Polearms
 + Level 0.0 Staves
 + Level 0.0 Ranged Weapons
 + Level 0.0 Throwing
 + Level 0.0 Armour
 + Level 4.4 Dodging
 + Level 9.5 Stealth
 + Level 0.0 Shields
 + Level 0.0 Unarmed Combat
 + Level 0.0 Spellcasting
 + Level 0.0 Conjurations
 + Level 0.0 Hexes
 + Level 0.0 Summonings
 + Level 0.0 Necromancy
 + Level 0.0 Translocations
 + Level 0.0 Transmutations
 + Level 0.0 Fire Magic
 + Level 0.0 Ice Magic
 + Level 0.0 Air Magic
 + Level 0.0 Earth Magic
 + Level 0.0 Poison Magic
 + Level 0.1 Invocations
 + Level 0.0 Evocations
 + Level 0.0 Shapeshifting


You couldn't memorise any spells.
You didn't know any spells.
Your spell library was empty.

Dungeon Overview and Level Annotations

Branches:
Dungeon (5/15)
 Temple: D:4-7

Altars:
Wu Jian


Innate Abilities, Weirdness & Mutations

You have very sharp teeth.
Your uncanny sense of smell can sniff out nearby items.
Your experience applies equally to all skills.


Message History

The jackal closely misses you.
The jackal bites you but does no damage.
Your unstable footing causes you to fumble your attack.
The quokka bites you but does no damage.
The jackal barely misses you. The giant cockroach barely misses you.
The giant cockroach completely misses you.
The jackal splashes around in the water.
Your unstable footing causes you to fumble your attack.
The jackal closely misses you. The quokka closely misses you.
The giant cockroach bites you but does no damage.
The giant cockroach barely misses you. The jackal bites you.
* * * LOW HITPOINT WARNING * * *
You hit the quokka.
The quokka is heavily wounded.
The jackal bites you but does no damage.
The quokka closely misses you. The giant cockroach closely misses you.
The giant cockroach completely misses you.
The jackal barely misses you.
You barely miss the quokka.
The quokka is moderately wounded.
The jackal misses you. The quokka bites you.
* * * LOW HITPOINT WARNING * * *
The giant cockroach bites you.
* * * LOW HITPOINT WARNING * * *
The jackal closely misses you. The giant cockroach bites you.
* * * LOW HITPOINT WARNING * * *
You aren't carrying any potions.
As you read the scroll of fog, it dissolves into smoke.
The jackal bites you but does no damage.
The quokka barely misses you. The jackal closely misses you.
The giant cockroach bites you but does no damage.
The giant cockroach barely misses you. The jackal misses you.
Why would you want to do that? Why would you want to do that?
Why would you want to do that?
Your unstable footing causes you to fumble your attack.
The jackal closely misses you. The quokka barely misses you.
The giant cockroach barely misses you. The giant cockroach misses you.
The jackal bites you.
You die...

*** *******,* #####
**,,,,,,,*
##BB.##*~~~****,*
#h@r§~#*~~~* *,***
#h§#§~≈#~,*****,*,,
#§§#~.≈#~,*,,,*,*,*
#.≈#~∩≈#~~*,,,*,*,*
#.≈#~,~#~~*,,,*,*,*
#.≈#~,~*~,*,,,,,*,*
#.≈#~,~*~~*,,,,,*,,
##~~#*,,,,~*,,,*,*,*
##..~#**,,~**,,,*,*,*


You could see a quokka, 2 jackals and 2 giant cockroaches.

Vanquished Creatures
  A giant cockroach (D:5)
  A quokka (D:5)
2 creatures vanquished.

Notes
Turn   | Place    | Note
-------+----------+-------------------------------------------
     0 | D:5      | Reached skill level 9 in Stealth
     0 | D:5      | croobank the Gnoll Delver began the quest for the Orb.
     0 | D:5      | Reached XP level 1. HP: 23/23 MP: 1/1
     2 | D:5      | Noticed an orc wizard
     4 | D:5      | Noticed an ice beast
    12 | D:5      | Found an ornate altar of the Wu Jian Council.
    87 | D:5      | Slain by a jackal

Illustrated notes

Levels and vault maps discovered:
D:5:      layout_basic, mainiacjoe_overflow_catwalk_spiral,
          lemuel_coloured_pillars_altar, gup_sewer_entry_pipe, minmay_circle_x

Skill      XL: | |
---------------+-+-----
Stealth        | |  9.5
Fighting       | |  6.4
Short Blades   | |  4.4
Dodging        | |  4.4
Invocations    | |  0.1

Action                     || total
---------------------------++-------
  Melee: Short sword       ||    29
         Bite              ||     1
    Use: Scroll            ||     3
         Potion            ||     1
   Stab: Sleeping          ||     1
 Armour: Leather armour    ||    32
  Dodge: Dodged            ||    61

Table legend: (Time is in decaauts)
 A = Elapsed time spent in this place.
 B = Non-inter-level travel time spent in this place.
 C = Inter-level travel time spent in this place.
 D = Time resting spent in this place.
 E = Time spent auto-exploring this place.
 F = Levels seen in this place.
 G = Mean time per level.
                   A        B        C        D        E       F      G
               +--------+--------+--------+--------+--------+-----+--------+
         Total |     63 |     63 |      0 |      0 |      0 |   1 |   63.0 |
       Dungeon |     63 |     63 |      0 |      0 |      0 |   1 |   63.0 |
               +--------+--------+--------+--------+--------+-----+--------+

Top non-repeatable levels by time:
     D:5: 63 daAuts
